 Dungeon Crawl Stone Soup version 0.18.1-48-g4cf74bf (webtiles) character file.

20386 sarahorange the Thaumaturge (level 12, 0/89 HPs)
             Began as a Yellow Draconian Conjurer on July 25, 2016.
             Was an Elder of Vehumet.
             Slain by an orc warrior
             ... wielding a +3 battleaxe
             ... led by an orc warlord
              (13 damage)
             ... on level 9 of the Dungeon on July 28, 2016.
             The game lasted 03:46:02 (19380 turns).

sarahorange the Thaumaturge (DrCj)                 Turns: 19380, Time: 03:46:03

Health: 0/89       AC: 21    Str: 14    XL:     12   Next: 44%
Magic:  21/26      EV: 15    Int: 25    God:    Vehumet [****..]
Gold:   712        SH:  3    Dex: 11    Spells: 10 memorised, 3 levels left

rFire  + . .     SeeInvis .     u - +1 blowgun
rCold  . . .     Gourm    .     (armour unavailable)
rNeg   . . .     Faith    .     (no shield)
rPois  +         Spirit   .     S - +2 hat {Int+3}
rElec  .         Dismiss  .     M - +2 cloak {rPois}
rCorr  +         Reflect  +     X - +2 pair of gloves
SustAt .         Harm     .     l - +2 pair of boots
MR     .....     Clarity  +     O - +3 amulet of reflection
Stlth  ++........               s - ring of protection from fire
                                n - +2 ring of protection

@: not resistant to hostile enchantments, unstealthy
A: spit acid, acid resistance, unfitting armour, clarity, strong 2,
cold-blooded, AC +8
a: Spit Acid, Renounce Religion


You were on level 9 of the Dungeon.
You worshipped Vehumet.
Vehumet was greatly pleased with you.
You were not hungry.

You visited 4 branches of the dungeon, and saw 17 of its levels.
You also visited: Sewer.

You collected 971 gold pieces.
You spent 259 gold pieces at shops.

Inventory:

Hand Weapons
 p - a +1 mace
 u - a +1 blowgun (weapon)
Missiles
 f - 3 needles of frenzy
 v - 63 poisoned needles (quivered)
 x - 2 throwing nets
 V - 6 needles of confusion
Armour
 l - a +2 pair of boots (worn)
 A - a troll hide
 M - a +2 cloak of poison resistance (worn)
 S - a +2 hat of intelligence (worn)
 X - a +2 pair of gloves (worn)
Magical Staves
 P - an uncursed staff of fire
Jewellery
 c - an uncursed ring of flight
 k - an uncursed amulet of regeneration
 n - a +2 ring of protection (left hand)
 r - a +3 ring of dexterity
 s - a ring of protection from fire (right hand)
 O - a +3 amulet of reflection (around neck)
Wands
 g - a wand of confusion (22/48)
 z - a wand of iceblast (7/15)
 D - a wand of flame (15/48)
 F - a wand of lightning (12/15)
 N - a wand of iceblast (6/15)
 Q - a wand of paralysis (13/24)
Scrolls
 i - 8 scrolls of identify
 q - 2 scrolls of fog
 t - 2 scrolls of blinking {unknown}
 y - 9 scrolls of remove curse
 L - a scroll of amnesia
Potions
 d - a potion of curing
 j - 2 potions of mutation {unknown}
 m - a potion of cancellation {unknown}
 o - a potion of invisibility {unknown}
 B - a potion of ambrosia {unknown}
 E - a potion of haste {unknown}
 G - a potion of brilliance {unknown}
 I - 4 potions of flight
 R - 3 potions of agility
 T - a potion of degeneration {unknown}
Books
 a - a book of Conjurations

   Spells                             Type                      Level
   a - Magic Dart                     Conjuration                  1
   b - Searing Ray                    Conjuration                  2
   c - Dazzling Spray                 Conjuration/Hexes            3
   d - Fulminant Prism                Conjuration/Hexes            4
   e - Iskenderun's Mystic Blast      Conjuration                  4
   f - Iskenderun's Battlesphere      Conjuration/Charms           5
 e - a Fen Folio

   Spells                             Type                      Level
   a - Corpse Rot                     Necromancy                   2
   b - Stone Arrow                    Conjuration/Earth            3
   c - Leda's Liquefaction            Hexes/Earth                  4
   d - Summon Forest                  Summoning/Translocation      5
   e - Hydra Form                     Transmutation                6
   f - Summon Hydra                   Summoning                    7
 C - a book of Necromancy

   Spells                             Type                      Level
   a - Pain                           Necromancy                   1
   b - Animate Skeleton               Necromancy                   1
   c - Vampiric Draining              Necromancy                   3
   d - Regeneration                   Charms/Necromancy            3
   e - Animate Dead                   Necromancy                   4
   f - Control Undead                 Necromancy                   4
 J - a book of the Dragon

   Spells                             Type                      Level
   a - Flame Tongue                   Conjuration/Fire             1
   b - Cause Fear                     Hexes                        4
   c - Bolt of Fire                   Conjuration/Fire             6
   d - Dragon Form                    Transmutation                7
   e - Dragon's Call                  Summoning                    9
 U - a book of Envenomations

   Spells                             Type                      Level
   a - Spider Form                    Transmutation/Poison         3
   b - Olgreb's Toxic Radiance        Poison                       4
   c - Alistair's Intoxication        Transmutation/Poison         5
   d - Poisonous Cloud                Conjuration/Poison/Air       6
 W - a book of Air

   Spells                             Type                      Level
   a - Shock                          Conjuration/Air              1
   b - Swiftness                      Charms/Air                   2
   c - Repel Missiles                 Charms/Air                   2
   d - Static Discharge               Conjuration/Air              3
   e - Lightning Bolt                 Conjuration/Air              5
Comestibles
 b - 13 bread rations
 H - 5 meat rations


   Skills:
 + Level 3.1 Fighting
 + Level 1.3 Maces & Flails
 + Level 7.3 Throwing
 + Level 6.9 Dodging
 + Level 3.6 Stealth
 * Level 10.7 Spellcasting
 + Level 8.8 Conjurations
 + Level 5.1 Hexes
 + Level 1.5 Charms
 + Level 4.0 Necromancy
 * Level 6.9 Fire Magic
 + Level 1.0 Evocations


You had 3 spell levels left.
You knew the following spells:

 Your Spells              Type           Power        Failure   Level  Hunger
a - Magic Dart            Conj           ####         1%          1    None
b - Searing Ray           Conj           ######       1%          2    None
c - Dazzling Spray        Conj/Hex       #####.       1%          3    None
d - Fulminant Prism       Conj/Hex       #####.....   1%          4    None
e - Animate Skeleton      Necr           N/A          1%          1    None
f - Vampiric Draining     Necr           ####......   2%          3    None
g - Flame Tongue          Conj/Fire      #####        1%          1    None
h - Ignite Poison         Fire/Trmt/Pois ####....     1%          3    None
i - Iskenderun's Battles  Conj/Chrm      #####...     4%          5    ####...
j - Bolt of Fire          Conj/Fire      ######....   8%          6    #####..


Dungeon Overview and Level Annotations

Branches:
Dungeon (12/15)            Temple (1/1) D:7            Lair (3/8) D:9
 Spider (0/4) Lair:3          Orc (1/2) D:10
  Swamp: Lair:3-6    Shoals: Lair:3-6

Altars:
Ashenzari
Cheibriados
Dithmenos
Elyvilon
Fedhas
Gozag
Kikubaaqudgha
Makhleb
Nemelex Xobeh
Okawaru
Pakellas
Qazlal
Ru
Sif Muna
Trog
Vehumet
Xom
Yredelemnul
Zin
The Shining One

Shops:
D:7 [

Annotations:
D:4 nikopol's ghost, amateur MiBe
D:12 Azrael; Uhlv's ghost, journeyman GrFi
Lair:3 Ferkelamun's ghost, journeyman MfSk; Inkary's ghost, journeyman DsFi
Orc:1 1 exclusion


Innate Abilities, Weirdness & Mutations

You can spit globs of acid.
You are resistant to acid.
Your golden yellow scales are hard (AC +8).
Your body does not fit into most forms of armour.
You are cold-blooded and may be slowed by cold attacks.
You possess an exceptional clarity of mind.
Your muscles are very strong. (Str +4)


Message History

You climb upwards.
Welcome back to the Dungeon!
There is a staircase to the Orcish Mines here.
The orc warrior hits you with a scimitar!!
The orc warrior hits you but does no damage.
You block the orc warrior's attack.
There is a stone staircase leading up here.
The orc warrior barely misses you. You block the orc warrior's attack.
You climb upwards.
There is a stone staircase leading down, spattered with blood here.
There is an open door here.
Casting: Dazzling Spray
Confirm with . or Enter, or press ? or * to list all spells.
You conjure a globe of magical energy.
The orc warrior hits you with an enchanted battleaxe!!
* * * LOW HITPOINT WARNING * * *
Drink which item? (? for menu, Esc to quit)
You feel better.
The orc warrior no longer looks unusually strong.
The orc warrior hits you with an enchanted battleaxe!
You die...

#### ############# #...
#...........# #...
#...........# ############...
#...........# #........#.'...
#......>....### #........'.#...
#.............###........###...
#...........#*@oo>.<.....# #...
#########.#######........# ####
#...# #........# # ##.###
####'##### # ####..# #.## #
#....## #..# # ###'#######
######.## ## #.........#
#......[# #.
#.........######.......#######.


You could see 2 orc warriors and a friendly battlesphere.

Vanquished Creatures
  A stone giant (Orc:1)
  A hydra (Lair:2)
  An orc knight (D:10)
  A hill giant (D:9)
  A cyclops (D:10)
  An orc sorcerer (D:10)
  A centaur zombie (D:11)
  A black mamba (Lair:2)
  Psyche (D:8)
  A torpor snail (Lair:1)
  A spiny frog (Lair:1)
  3 komodo dragons
  A polar bear (Lair:3)
  3 trolls
  4 blink frogs (Lair:1)
  A vampire (D:10)
  9 yaks
  2 wyverns
  3 fire elementals
  Grum (D:11)
  3 hippogriffs
  A basilisk (D:9)
  Menkaure (D:5)
  2 hungry ghosts
  A soldier ant (D:11)
  8 porcupines
  3 water moccasins
  2 hell hounds (D:12)
  Duvessa (D:7)
  4 sky beasts
  An eye of draining (D:10)
  2 ice beasts
  8 orc warriors
  2 necrophages
  A phantom (D:8)
  A centaur (D:5)
  4 ogres
  4 wolves (D:11)
  5 crocodiles
  Blork the orc (D:5)
  3 big kobolds
  13 giant frogs
  A gnoll sergeant (D:11)
  Dowan (D:7)
  5 scorpions
  9 killer bees
  5 wights (D:10)
  3 electric eels
  A howler monkey (D:7)
  4 crimson imps
  A quasit (D:5)
  4 jellies
  A gnoll shaman (D:4)
  8 orc priests
  3 hounds
  A centaur skeleton (D:8)
  2 giant frog skeletons (D:10)
  7 iguanas
  10 orc wizards
  8 worker ants
  11 sheep
  2 worker ant zombies
  A howler monkey zombie (D:6)
  10 adders
  14 gnolls
  22 river rats
  3 shadow imps
  An ooze (D:4)
  3 adder skeletons
  2 worms
  3 dart slugs
  12 giant geckos
  48 orcs
  2 ball pythons
  7 giant cockroaches
  13 goblins
  11 hobgoblins
  4 jackals
  7 quokkas
  13 bats
  7 giant newts
  A jackal zombie (D:8)
  21 kobolds
  2 quokka skeletons
  13 rats
416 creatures vanquished.

Vanquished Creatures (collateral kills)
  Gastronok (D:8)
  A hippogriff (D:10)
  A warg (Orc:1)
  A hell hound (D:11)
  A porcupine (D:9)
  An ogre (D:11)
  A centaur (D:7)
  An iguana (D:8)
  A gnoll (D:11)
  5 river rats
  2 orcs (Orc:1)
  A quokka (D:11)
17 creatures vanquished.

Vanquished Creatures (others)
  5 fulminant prisms
  A fungus (Lair:1)
  4 plants
10 creatures vanquished.

Grand Total: 443 creatures vanquished

Notes
Turn   | Place    | Note
--------------------------------------------------------------
     0 | D:1      | sarahorange the Draconian Conjurer began the quest for the Orb.
     0 | D:1      | Reached XP level 1. HP: 14/14 MP: 3/3
   351 | D:1      | Reached XP level 2. HP: 17/20 MP: 0/5
   355 | D:1      | Learned a level 2 spell: Searing Ray
   815 | D:1      | Reached XP level 3. HP: 26/26 MP: 2/6
   907 | D:1      | Learned a level 3 spell: Dazzling Spray
  1163 | D:2      | Found a shattered altar of Ashenzari.
  1313 | D:2      | Reached skill level 5 in Conjurations
  1767 | D:2      | Reached XP level 4. HP: 33/33 MP: 2/7
  1992 | D:2      | Found an opulent altar of Gozag.
  1993 | D:2      | Found a sparkling altar of Nemelex Xobeh.
  2492 | D:3      | Reached skill level 3 in Spellcasting
  2929 | D:3      | Reached XP level 5. HP: 38/38 MP: 4/9
  2993 | D:4      | Found a blossoming altar of Fedhas.
  3137 | D:4      | Noticed nikopol's ghost (amateur MiBe)
  3160 | D:4      | Noticed an ogre
  3631 | D:2      | Reached XP level 6. HP: 46/46 MP: 3/11
  3699 | D:3      | Reached skill level 1 in Throwing
  3889 | D:4      | Learned a level 4 spell: Fulminant Prism
  4033 | D:4      | Reached skill level 1 in Fighting
  4101 | D:4      | Reached skill level 4 in Spellcasting
  4317 | D:3      | Learned a level 1 spell: Animate Skeleton
  4396 | D:4      | Found a radiant altar of Vehumet.
  4397 | D:4      | Found a burning altar of Makhleb.
  4407 | D:4      | Became a worshipper of Vehumet
  4525 | D:4      | Your scales start taking on a golden yellow colour.
  4525 | D:4      | Reached XP level 7. HP: 49/52 MP: 0/13
  4855 | D:5      | Entered Level 5 of the Dungeon
  4862 | D:5      | Noticed Blork the orc
  4872 | D:5      | Killed Blork the orc
  4981 | D:5      | Reached skill level 1 in Necromancy
  5291 | D:5      | Reached skill level 5 in Spellcasting
  5296 | D:5      | Learned a level 3 spell: Vampiric Draining
  5371 | D:5      | Found a glowing silver altar of Zin.
  5377 | D:5      | Noticed Menkaure
  5386 | D:5      | Killed Menkaure
  5386 | D:5      | Reached XP level 8. HP: 32/61 MP: 8/15
  5845 | D:5      | Reached * piety under Vehumet
  5845 | D:5      | Offered knowledge of Sandblast by Vehumet.
  5874 | D:5      | Gained mutation: Your muscles are strong. (Str +2) [potion of beneficial mutation]
  5977 | D:5      | Found an ancient bone altar of Kikubaaqudgha.
  5979 | D:5      | Found a shimmering altar of Xom.
  5981 | D:5      | Found a snail-covered altar of Cheibriados.
  5985 | D:5      | Found a sacrificial altar of Ru.
  6196 | D:6      | Reached skill level 1 in Hexes
  6481 | D:6      | Found a glowing drain.
  6485 | Sewer    | Entered a sewer
  6704 | Sewer    | Found a white marble altar of Elyvilon.
  6916 | D:6      | Reached skill level 6 in Spellcasting
  6919 | D:6      | Learned a level 1 spell: Flame Tongue
  6965 | D:6      | Reached ** piety under Vehumet
  6965 | D:6      | Offered knowledge of Shock by Vehumet.
  7154 | D:6      | Reached skill level 1 in Fire Magic
  7154 | D:6      | Reached XP level 9. HP: 56/66 MP: 15/18
  7461 | D:7      | Reached skill level 1 in Maces & Flails
  7532 | D:7      | Found a staircase to the Ecumenical Temple.
  7548 | Temple   | Entered the Ecumenical Temple
  7649 | D:7      | Noticed Duvessa
  7695 | D:7      | Killed Duvessa
  7698 | D:7      | Noticed Dowan
  7707 | D:7      | Killed Dowan
  7938 | D:7      | Found Bul Fuchu's Armour Shop.
  7942 | D:7      | Bought a +2 cloak of poison resistance for 259 gold pieces
  8167 | D:7      | Found a white marble altar of Elyvilon.
  8170 | D:7      | Found a blossoming altar of Fedhas.
  8172 | D:7      | Found a basalt altar of Yredelemnul.
  8229 | D:8      | Noticed Psyche
  8238 | D:8      | Killed Psyche
  8425 | D:8      | Reached skill level 5 in Throwing
  8466 | D:8      | Found an oddly glowing altar of Pakellas.
  8472 | D:8      | Reached skill level 7 in Spellcasting
  8502 | D:8      | Noticed Gastronok
  8792 | D:8      | Offered knowledge of Stone Arrow by Vehumet.
  8876 | D:8      | Killed Gastronok
  8876 | D:8      | Reached skill level 5 in Dodging
  8876 | D:8      | Reached XP level 10. HP: 30/72 MP: 5/21
  9011 | D:8      | Gained mutation: Your muscles are very strong. (Str +4) [potion of beneficial mutation]
  9153 | D:8      | Reached *** piety under Vehumet
  9630 | D:9      | Offered knowledge of Ignite Poison by Vehumet.
  9635 | D:9      | Learned a level 3 spell: Ignite Poison
  9641 | D:9      | Learned a level 5 spell: Iskenderun's Battlesphere
  9691 | D:9      | Found a staircase to the Lair.
 10324 | Lair:1   | Entered Level 1 of the Lair of Beasts
 10474 | Lair:1   | Reached skill level 8 in Spellcasting
 10688 | Lair:1   | Reached **** piety under Vehumet
 10718 | Lair:1   | Noticed a spiny frog
 10730 | Lair:1   | Killed a spiny frog
 11238 | Lair:1   | Reached XP level 11. HP: 79/79 MP: 11/23
 11244 | Lair:1   | Offered knowledge of Inner Flame by Vehumet.
 11948 | Lair:2   | Reached skill level 5 in Fire Magic
 11972 | Lair:2   | Reached skill level 1 in Charms
 12016 | Lair:2   | Reached skill level 5 in Hexes
 12250 | Lair:2   | Reached skill level 9 in Spellcasting
 12410 | Lair:2   | Gained mutation: You possess an exceptional clarity of mind. [potion of beneficial mutation]
 12460 | Lair:2   | Noticed a four-headed hydra
 12466 | Lair:2   | Killed a four-headed hydra
 13151 | Lair:3   | Noticed Inkary's ghost (journeyman DsFi)
 13457 | Lair:3   | Noticed Ferkelamun's ghost (journeyman MfSk)
 13550 | Lair:3   | Found a hole to the Spider Nest.
 13612 | D:10     | Entered Level 10 of the Dungeon
 13991 | D:10     | Found a staircase to the Orcish Mines.
 14656 | D:10     | Reached ***** piety under Vehumet
 14664 | D:10     | Offered knowledge of Irradiate by Vehumet.
 14672 | D:10     | Learned a level 6 spell: Bolt of Fire
 15402 | Orc:1    | Entered Level 1 of the Orcish Mines
 15405 | Orc:1    | Noticed an orc sorcerer
 15406 | Orc:1    | Noticed an orc knight
 15411 | Orc:1    | Noticed a stone giant
 15629 | D:10     | Killed an orc sorcerer
 15629 | D:10     | Reached skill level 10 in Spellcasting
 15753 | D:10     | Noticed a hill giant
 16807 | D:11     | Noticed Grum
 16832 | D:11     | Reached XP level 12. HP: 64/88 MP: 12/26
 16841 | D:11     | Killed Grum
 17836 | D:12     | Noticed Uhlv's ghost (journeyman GrFi)
 17881 | D:12     | Noticed Azrael
 18769 | Orc:1    | Killed a stone giant
 18769 | Orc:1    | Reached skill level 1 in Evocations
 19139 | Orc:1    | Noticed an orc warlord
 19379 | D:9      | HP: 3/89 [orc warrior/enchanted battleaxe[an orc warlord] (29)]
 19380 | D:9      | Slain by an orc warrior

Skill      XL: |  1  2  3  4  5  6  7  8  9 10 11 12 |
---------------+-------------------------------------+-----
Conjurations   | 5 6 7 8 |  8.8
Dodging        | 2 3 4 5 6 |  6.9
Stealth        | 2 3 |  3.6
Spellcasting   | 3 4 5 6 7 8 10 | 10.7
Throwing       | 1 3 5 6 7 |  7.3
Fighting       | 1 2 3 |  3.1
Necromancy     | 2 3 4 |  4.0
Hexes          | 2 3 4 5 |  5.1
Fire Magic     | 1 3 4 6 |  6.9
Maces & Flails | 1 |  1.3
Charms         | 1 |  1.5
Evocations     | 1 |  1.0

Action                   |  1- 3 |  4- 6 |  7- 9 | 10-12 || total
-------------------------+-------+-------+-------+-------++-------
Melee: Unarmed           |    14 |       |       |       ||    14
       Tailslap          |     1 |     1 |     3 |       ||     5
       Mace              |       |    24 |    24 |    12 ||    60
 Fire: Blowgun           |       |    49 |    90 |   118 ||   257
Throw: Stone             |    12 |     4 |     6 |       ||    22
       Throwing net      |       |       |       |     2 ||     2
 Cast: Magic Dart        |    74 |    78 |    67 |   165 ||   384
       Searing Ray       |     9 |    32 |    78 |   150 ||   269
       Fulminant Prism   |       |     1 |       |     4 ||     5
       Animate Skeleton  |       |       |    12 |    19 ||    31
       Dazzling Spray    |       |       |     3 |    50 ||    53
       Vampiric Draining |       |       |     1 |     2 ||     3
       Iskenderun's Batt |       |       |       |    39 ||    39
       Bolt of Fire      |       |       |       |     1 ||     1
 Abil: Spit Acid         |       |       |     1 |     2 ||     3
       Evoke Flight      |       |       |     2 |       ||     2
Evoke: Wand              |       |       |       |    11 ||    11
  Use: Scroll            |     1 |     2 |    17 |    13 ||    33
       Potion            |       |     2 |     1 |     9 ||    12
  Eat: Chunk             |     4 |     7 |     8 |    24 ||    43
       Beef jerky        |       |     1 |       |     7 ||     8
       Meat ration       |       |     1 |       |       ||     1
       Fruit             |       |       |     4 |     5 ||     9
       Pizza             |       |       |       |     1 ||     1
Armor: Skin              |    12 |    52 |    79 |   111 ||   254
Dodge: Dodged            |    19 |    76 |    93 |   238 ||   426
Block: Other             |       |       |       |    35 ||    35
       Reflection        |       |       |       |     5 ||     5
